 Dungeon Crawl Stone Soup version 0.18-a0-670-g393520a (webtiles) character file.

419659 R18 the Naga Cataclysm (level 23, -5/174 HPs)
             Began as a Naga Wanderer on Dec 5, 2015.
             Was a High Priest of Qazlal.
             Slain by a titan (14 damage)
             ... on level 5 of the Vaults on Dec 6, 2015.
             The game lasted 02:39:51 (50599 turns).

R18 the Naga Cataclysm (Naga Wanderer)             Turns: 50599, Time: 02:39:51

Health: -5/174     AC: 43    Str: 16    XL:     23   Next: 68%
Magic:  46/46      EV: 13    Int: 17    God:    Qazlal [*****.]
Gold:   1099       SH:  6    Dex: 33    Spells: 0 memorised, 22 levels left

rFire  + + .     SeeInvis +     b - +8 storm bow {elec}
rCold  + + +     Clarity  .     o - +7 plate armour of Boc Faugh {*Drain rPois Int+4}
rNeg   . . .     SustAt   .     (shield currently unavailable)
rPois  +         Gourm    .     n - +0 helmet
rElec  .         Spirit   .     f - +2 cloak
rCorr  .         Dismiss  .     B - +0 pair of gloves
rMut   .         Stasis   .     L - +2 naga barding {rF+}
MR     +++..                    R - amulet of Amorality {Faith rC++ Dex+8 Stlth-}
Stlth  ..........               r - ring "Muev" {rPois MP+9 Str-2 Dex+8}
                                m - +3 ring of evasion

@: repel missiles, very slow, extremely resistant to hostile enchantments,
extremely unstealthy
A: iridescent scales 1, see invisible, cold resistance 1, deformed body, fire
resistance 1, frail 1, magic resistance 1, poison resistance, slowness 2, slow
metabolism 1, spit poison 2, constrict 1, sturdy frame 1, AC +7
a: Spit Poison, Upheaval, Elemental Force, Disaster Area, Renounce Religion
}: 2/15 runes: decaying, serpentine


You were on level 5 of the Vaults.
You worshipped Qazlal.
Qazlal was extremely pleased with you.
You were full.

You visited 7 branches of the dungeon, and saw 41 of its levels.
You also visited: Trove, Bailey and Ice Cave.

You collected 4838 gold pieces.
You spent 3739 gold pieces at shops.

Inventory:

Hand Weapons
 a - the +6 falchion of the Empty Page {slice, MR+}
   (You bought it in a shop on level 14 of the Dungeon)

   It inflicts extra damage upon your enemies.
   It affects your resistance to hostile enchantments.
 b - the +8 storm bow (weapon) {elec}
   (You found it on level 4 of the Dungeon)

   It charges the ammunition it shoots with electricity; occasionally upon a
   hit, such missiles may discharge and cause terrible harm.
Missiles
 p - 111 arrows (quivered)
 s - 71 arrows of flame
Armour
 f - a +2 cloak (worn)
 n - a +0 helmet (worn)
 o - the +7 plate armour of Boc Faugh (worn) {*Drain rPois Int+4}
   (You bought it in a shop on level 4 of the Orcish Mines)

   It affects your intelligence (+4).
   It protects you from poison.
   It causes draining when unequipped.
 B - a +0 pair of gloves (worn)
 L - a +2 naga barding of fire resistance (worn)
Jewellery
 m - a +3 ring of evasion (left hand)
 r - the ring "Muev" (right hand) {rPois MP+9 Str-2 Dex+8}
   (You took it off a necromancer on level 2 of the Vaults)

   [ring of magical power]

   It affects your strength (-2).
   It affects your dexterity (+8).
   It protects you from poison.
   It affects your magic capacity (+9).
 t - an uncursed ring of sustain attributes
 R - the amulet of Amorality (around neck) {Faith rC++ Dex+8 Stlth-}
   (You bought it in a shop on level 4 of the Orcish Mines)

   [amulet of faith]

   It allows you to gain divine favour quickly.
   It affects your dexterity (+8).
   It greatly protects you from cold.
   It makes you less stealthy.
Wands
 k - a wand of invisibility (6)
 y - a wand of hasting (6)
 D - a wand of fireball (4)
 J - a wand of fire (5)
 M - a wand of fire (6)
 X - a wand of teleportation (4)
 Y - a wand of digging (17)
Scrolls
 c - 5 scrolls of blinking
 v - 12 scrolls of remove curse
 x - a scroll of enchant weapon
 A - 8 scrolls of teleportation
 C - 6 scrolls of fog
 F - 6 scrolls of identify
 I - a scroll of magic mapping
 U - 2 scrolls of fear
 V - a scroll of holy word
Potions
 g - a potion of curing
 i - 4 potions of cure mutation
 u - 2 potions of magic
 G - 2 potions of invisibility
 N - a potion of cancellation
 O - 2 potions of might
 W - 3 potions of flight
Miscellaneous
 h - 2 phantom mirrors
Comestibles
 d - 5 bread rations
 l - 10 meat rations


   Skills:
 + Level 9.0 Fighting
 - Level 18.3 Long Blades
 - Level 20.6 Bows
   Level 1.0 Crossbows
 + Level 11.9 Armour
 - Level 11.0 Dodging
 - Level 1.5 Stealth
   Level 1.0 Shields
 - Level 1.0 Unarmed Combat
 * Level 21.3 Invocations


You had 22 spell levels left.
You didn't know any spells.

Dungeon Overview and Level Annotations

Branches:
Dungeon (15/15)            Temple (0/1) D:7            Lair (7/8) D:10
  Swamp (4/4) Lair:3        Snake (4/4) Lair:3          Orc (4/4) D:11
    Elf (0/3) Orc:4        Vaults (5/5) D:14          Crypt (0/3) Vaults:2
 Depths (2/5) D:15
  Slime: Lair:6-8

Altars:
Ashenzari
Cheibriados
Dithmenos
Elyvilon
Fedhas
Gozag
Kikubaaqudgha
Makhleb
Nemelex Xobeh
Qazlal
Ru
Trog
Yredelemnul
Zin
The Shining One

Shops:
D:4 ?   D:6 *   D:14 (   Orc:1 (   Orc:4 =*[(}(=   Snake:2 *   Snake:4 *
Vaults:4 *

Portals:
Hell: Depths:1

Annotations:
Lair:2 exclusion: oklob plant


Innate Abilities, Weirdness & Mutations

You cannot wear boots.
Your serpentine skin is tough (AC +7).
You have supernaturally acute eyesight.
Armour fits poorly on your strangely shaped body.
Your system is resistant to poisons.
You cover ground very slowly.
You have a slow metabolism.
You can spit poison.
You can use your snake-like lower body to constrict enemies.
You are partially covered in iridescent scales (AC +4).
Your flesh is cold resistant.
Your flesh is heat resistant.
You are frail (-10% HP).
You are resistant to hostile enchantments.
Your movements are slightly less encumbered by armour (ER -2).


Message History

The titan mumbles some strange words.
The titan is healed somewhat.
Firing (i - inventory. (,) - cycle):
p - 114 arrows (quivered)
Press: ? - help, Shift-Dir - straight line, f/p - titan
Aim: a titan (thunder, severely wounded)
You shoot an arrow. The arrow hits the titan.
The titan is severely wounded.
The titan hits you but does no damage.
Firing (i - inventory. (,) - cycle):
p - 113 arrows (quivered)
Press: ? - help, Shift-Dir - straight line, f/p - titan
Aim: a titan (thunder, severely wounded)
You shoot an arrow. The arrow hits the titan!
The titan is severely wounded.
Firing (i - inventory. (,) - cycle):
p - 112 arrows (quivered)
Press: ? - help, Shift-Dir - straight line, f/p - titan
Aim: a titan (severely wounded)
You shoot an arrow. The arrow hits the titan!
The titan is almost dead.
The titan hits you!
You die...

##########
......§..#
.........#
###..(§@(#
#.(§C§§#
#.((..§#
...)###..#
.... #..#
(.. #..#
.. #..#
#..#


You could see a titan.

Vanquished Creatures
  An ancient lich (Vaults:5)
  the Lernaean hydra (Swamp:4)
  Margery (Vaults:2)
  Norris (Vaults:2)
  Saint Roka (Vaults:3)
  A golden dragon (Vaults:5)
  A bone dragon (Depths:1)
  A tentacled monstrosity (Vaults:3)
  A lich (Vaults:3)
  3 titans (Vaults:5)
  A quicksilver dragon (Vaults:5)
  4 sphinxes
  4 thorn hunters
  Agnes (Snake:1)
  4 shadow dragons
  5 tengu reavers
  2 storm dragons (Vaults:4)
  7 greater nagas
  3 fire giants
  3 deep elf sorcerers
  Donald (Swamp:1)
  Maud (D:14)
  4 frost giants
  16 vault wardens
  Aizul (Snake:3)
  An iron dragon (Vaults:4)
  3 orc warlords
  The ghost of mora the Acrobat, an adept SpAs of Okawaru (D:15)
  3 war gargoyles
  4 very ugly things
  24 ironheart preservers
  2 salamander stormcallers
  13 stone giants
  A deep elf demonologist (Vaults:5)
  Azrael (Snake:2)
  8 ettins
  2 deep elf death magi
  Snorg (D:14)
  4 fire dragons
  Josephine (Snake:1)
  13 yaktaur captains
  A deep elf high priest (Vaults:5)
  32 vault guards
  2 great orbs of eyes
  23 hydras
  3 ice dragons
  12 naga warriors
  4 rakshasas
  A ghost crab (Swamp:4)
  7 centaur warriors
  2 deep troll shamans
  16 ogre magi
  3 dancing weapons
  6 anacondas
  A catoblepas (D:13)
  2 death yaks (IceCv)
  5 tengu warriors
  8 alligators
  A spectral fire giant (Depths:1)
  4 deep troll earth magi (Depths:1)
  6 shock serpents
  18 naga sharpshooters
  4 orc high priests (Orc:4)
  6 deep elf knights
  A spectral yaktaur (Depths:1)
  3 shadow wraiths
  A fire crab (shapeshifter) (Vaults:4)
  7 skeletal warriors
  A death drake (shapeshifter) (Vaults:2)
  5 hell knights (Vaults:2)
  3 naga ritualists
  A giant orange brain (Vaults:4)
  4 unseen horrors
  2 spriggan druids
  4 deep elf summoners
  17 ironbrand convokers
  A flayed ghost (Vaults:1)
  21 deep trolls
  15 swamp dragons
  4 wizards
  A shambling mangrove (Swamp:1)
  A tengu zombie (Vaults:2)
  2 phantasmal warriors (Vaults:5)
  14 orc knights
  29 ugly things
  12 hill giants
  4 orc sorcerers (Orc:4)
  A harpy (D:13)
  An oklob plant (Snake:4)
  2 deep elf conjurers
  A manticore (D:15)
  5 griffons
  6 hornets
  2 frost giant zombies
  3 wolf spiders
  A spectral spriggan (Depths:1)
  11 cyclopes
  A hornet (shapeshifter) (Vaults:2)
  34 black mambas
  A wolf spider (shapeshifter) (Vaults:5)
  8 necromancers
  4 guardian serpents
  11 salamanders
  3 centaur zombies
  A frost giant skeleton (Vaults:4)
  6 mana vipers
  28 vault sentinels
  A black mamba (shapeshifter) (D:15)
  20 elephants (Lair:7)
  19 spiny frogs
  An ice statue (IceCv)
  3 gargoyles
  5 kobold demonologists
  A spriggan skeleton (Depths:1)
  43 yaktaurs
  9 komodo dragons
  21 naga magi
  9 trolls
  A tengu conjurer (D:15)
  2 yaktaur skeletons
  A tengu simulacrum (Vaults:3)
  A golden dragon simulacrum (Depths:1)
  A two-headed ogre (shapeshifter) (Depths:1)
  3 fire drakes
  8 freezing wraiths
  28 blink frogs
  3 deep elf priests
  25 two-headed ogres
  42 slime creatures
  21 polar bears
  Prince Ribbit (D:6)
  2 boulder beetles
  11 giant leeches
  14 bog bodies
  A sphinx simulacrum (Depths:1)
  3 human simulacra (Vaults:1)
  An ice dragon zombie (Depths:1)
  6 spriggans
  A vampire (D:15)
  9 redbacks
  The ghost of Arkorax the Ruffian, an amateur VSMo (D:4)
  4 ettin skeletons
  7 hungry ghosts
  5 shadows
  6 wyverns
  A water elemental (Depths:1)
  41 yaks
  A frost giant simulacrum (Vaults:2)
  3 fire elementals (Snake:2)
  A spriggan simulacrum (Depths:1)
  2 basilisks
  8 wraiths
  8 deep elf magi
  49 vampire mosquitoes
  16 deep elf fighters
  21 wolves
  A steam dragon (D:10)
  2 wargs
  5 mottled dragons
  46 nagas
  22 swamp worms
  3 hell hounds (Snake:2)
  7 hippogriffs
  An elf skeleton (Vaults:4)
  15 insubstantial wisps
  14 water moccasins
  12 porcupines
  Duvessa (D:5)
  10 wasps
  12 ice beasts
  41 orc warriors
  20 swamp drakes
  2 phantoms
  An ettin simulacrum (Vaults:1)
  3 black bears
  10 centaurs
  61 ogres
  5 sky beasts
  15 crocodiles
  A necrophage (D:8)
  3 boggarts (Depths:1)
  12 big kobolds
  2 elf zombies (D:14)
  15 giant frogs
  A glowing shapeshifter simulacrum (Vaults:3)
  A gnoll sergeant (D:6)
  A wyvern zombie (D:10)
  Dowan (D:5)
  3 human skeletons
  A water moccasin zombie (D:8)
  10 scorpions
  3 troll zombies (D:11)
  13 killer bees
  An electric eel (Lair:5)
  12 crimson imps
  22 wights
  2 giant frog zombies
  6 centaur skeletons
  7 jellies
  34 orc priests
  10 hounds
  9 human zombies
  48 orc wizards
  6 iguanas
  3 small abominations
  5 hell rats (Lair:1)
  15 worker ants
  22 sheep
  6 ogre zombies
  A hound skeleton (D:10)
  3 mummies (D:14)
  8 gnolls
  37 river rats
  13 adders
  2 shadow imps
  An ooze (D:7)
  An adder skeleton (D:5)
  2 worms
  10 giant geckos
  249 orcs
  3 ball pythons
  6 goblins
  5 hobgoblins
  44 kobolds
  5 quokkas
  A ball python zombie (D:5)
  8 bats
  3 giant cockroaches
  A giant gecko skeleton (D:4)
  A giant gecko zombie (D:7)
  4 giant newts
  2 goblin skeletons (D:11)
  A goblin zombie (D:11)
  A hobgoblin skeleton (D:11)
  3 hobgoblin zombies (D:11)
  A jackal (D:2)
  2 orc skeletons (D:11)
  17 orc zombies
  2 quokka skeletons
  6 rats
  5 briar patches (Swamp:1)
  A bush (Lair:2)
  3 crawling corpses
  2 fire vortices (Vaults:4)
  61 fungi
  2 macabre masses (Depths:1)
  39 plants
2232 creatures vanquished.

Vanquished Creatures (collateral kills)
  An orc warlord (Orc:4)
  2 orc warriors (Orc:4)
  An orc wizard (Orc:4)
  An orc priest (Orc:4)
5 creatures vanquished.

Vanquished Creatures (others)
  A deep elf summoner (Vaults:4)
  A deep troll (Vaults:4)
  A yaktaur (Vaults:3)
  A blink frog (Swamp:4)
  A spriggan (Swamp:3)
  A naga (Snake:2)
  2 ogres
  A wasp (Swamp:4)
  A shadow imp (D:6)
  2 orcs
  3 briar patches (Swamp:1)
  9 fungi
  12 plants
36 creatures vanquished.

Grand Total: 2273 creatures vanquished

Notes
Turn   | Place    | Note
--------------------------------------------------------------
     0 | D:1      | R18 the Naga Wanderer began the quest for the Orb.
     0 | D:1      | R18 set off with: a scroll of blinking, a potion of heal wounds, a +0 falchion, a potion of lignification, a +0 robe, a bread ration
     0 | D:1      | Reached XP level 1. HP: 22/22 MP: 1/1
    58 | D:1      | Reached skill level 1 in Long Blades
   627 | D:1      | Reached XP level 2. HP: 16/30 MP: 2/2
  1137 | D:2      | Reached XP level 3. HP: 19/36 MP: 3/3
  1627 | D:2      | Found a sacrificial altar of Ru.
  1641 | D:2      | Found a shattered altar of Ashenzari.
  1641 | D:2      | Found a stormy altar of Qazlal.
  1695 | D:2      | Became a worshipper of Qazlal Stormbringer
  1979 | D:3      | Reached XP level 4. HP: 44/44 MP: 4/4
  2043 | D:3      | Found a burning altar of Makhleb.
  2225 | D:3      | Found a sparkling altar of Nemelex Xobeh.
  2475 | D:4      | Reached XP level 5. HP: 47/50 MP: 5/5
  2647 | D:4      | Reached skill level 1 in Bows
  2778 | D:4      | Reached XP level 6. HP: 50/57 MP: 6/6
  2944 | D:4      | Reached * piety under Qazlal
  2953 | D:4      | Noticed Arkorax's ghost (amateur VSMo)
  2962 | D:4      | Killed Arkorax's ghost
  3181 | D:4      | Found Godi's Magic Scroll Shoppe.
  3189 | D:4      | Bought a scroll of identify for 26 gold pieces
  3189 | D:4      | Bought 3 scrolls of noise for 39 gold pieces
  3219 | D:4      | Reached XP level 7. HP: 55/64 MP: 7/7
  3516 | D:5      | Entered Level 5 of the Dungeon
  3517 | D:5      | Noticed Duvessa
  3518 | D:5      | Noticed Dowan
  3521 | D:5      | Gained mutation: Your flesh is heat resistant. [potion of beneficial mutation]
  3541 | D:5      | Killed Duvessa
  3733 | D:5      | Killed Dowan
  4032 | D:5      | Reached XP level 8. HP: 72/72 MP: 8/8
  4048 | D:5      | Found an opulent altar of Gozag.
  4146 | D:5      | Reached skill level 5 in Long Blades
  4454 | D:5      | Reached skill level 5 in Bows
  4924 | D:5      | Reached ** piety under Qazlal
  5115 | D:5      | Reached skill level 6 in Bows
  5364 | D:6      | Reached skill level 5 in Armour
  5398 | D:6      | Reached XP level 9. HP: 69/78 MP: 9/9
  5452 | D:6      | Reached skill level 7 in Bows
  5674 | D:6      | Noticed Prince Ribbit
  5675 | D:6      | Killed Prince Ribbit
  5775 | D:6      | Found Zeugh's General Store.
  5784 | D:6      | Bought 25 arrows for 55 gold pieces
  5784 | D:6      | Bought a potion of brilliance for 44 gold pieces
  5831 | D:6      | Reached *** piety under Qazlal
  5851 | D:6      | Found a shadowy altar of Dithmenos.
  6064 | D:7      | Reached skill level 8 in Bows
  6453 | D:7      | Found a staircase to the Ecumenical Temple.
  6540 | D:8      | Found a glowing golden altar of the Shining One.
  6583 | D:8      | Reached XP level 10. HP: 85/85 MP: 10/10
  6763 | D:8      | Found a glowing silver altar of Zin.
  6915 | D:8      | Reached skill level 9 in Bows
  6918 | D:8      | Reached **** piety under Qazlal
  7707 | D:9      | Reached skill level 1 in Invocations
  8010 | D:9      | Reached skill level 10 in Bows
  8326 | D:9      | Reached XP level 11. HP: 82/92 MP: 13/13
  8478 | D:9      | Noticed a hill giant
  8486 | D:9      | Killed a hill giant
  8713 | D:10     | Entered Level 10 of the Dungeon
  8845 | D:10     | Found a staircase to the Lair.
  8847 | D:10     | Noticed a hill giant
  8850 | D:10     | Killed a hill giant
  8858 | D:10     | Noticed an unseen horror
  8860 | D:10     | Killed an unseen horror
  8904 | D:10     | Reached skill level 11 in Bows
  9082 | D:10     | Found a flagged portal.
  9084 | D:10     | Noticed a hill giant
  9091 | D:10     | Killed a hill giant
  9107 | Bailey   | Entered a bailey
  9124 | Bailey   | Noticed an orc warlord
  9220 | Bailey   | Noticed an orc knight
  9225 | Bailey   | Killed an orc knight
  9225 | Bailey   | Reached skill level 5 in Invocations
  9253 | Bailey   | Found a runed gate.
  9253 | Bailey   | Found a runed gate.
  9253 | Bailey   | Found a runed gate.
  9440 | Bailey   | Killed an orc warlord
  9560 | Bailey   | Identified a scroll of acquirement
  9800 | D:10     | Noticed a three-headed hydra
  9810 | D:10     | Killed a three-headed hydra
  9810 | D:10     | Reached XP level 12. HP: 76/99 MP: 16/16
  9853 | D:10     | Reached skill level 12 in Bows
 10461 | D:11     | Found a portal to a secret trove of treasure.
 10591 | D:11     | Reached ***** piety under Qazlal
 10746 | D:11     | Found a staircase to the Orcish Mines.
 11189 | D:11     | Got a steaming mace {freeze}
 11229 | D:11     | Identified the +1 mace of Gluttony {freeze, rC+ Int+3} (You took it off a crimson imp on level 11 of the Dungeon)
 11818 | Orc:1    | Entered Level 1 of the Orcish Mines
 12321 | Orc:1    | Found Xajeyjosy's Weapon Emporium.
 12939 | Orc:1    | Reached ****** piety under Qazlal
 13941 | Orc:4    | Entered Level 4 of the Orcish Mines
 13981 | Orc:4    | Reached skill level 13 in Bows
 14104 | Orc:4    | Gained mutation: You can use your snake-like lower body to constrict enemies. [Naga growth]
 14104 | Orc:4    | Reached XP level 13. HP: 67/105 MP: 19/19
 14311 | Orc:4    | Found Searuz's Weapon Emporium.
 14316 | Orc:4    | Found Dawioz's Jewellery Emporium.
 14324 | Orc:4    | Bought 17 arrows for 54 gold pieces
 14372 | Orc:4    | Noticed an orc warlord
 14382 | Orc:4    | Killed an orc warlord
 14692 | Orc:4    | Found a staircase to the Elven Halls.
 15147 | Orc:4    | Found Gysme's Jewellery Shoppe.
 15297 | Orc:4    | Found Afevvy Imiom's Gadget Boutique.
 15539 | Orc:4    | Found Segamm's General Store.
 15540 | Orc:4    | Found Curet's Jewellery Emporium.
 15541 | Orc:4    | Found Qoseam's Antique Armour Shoppe.
 15541 | Orc:4    | Found Geissed's Antique Weapon Shoppe.
 15556 | Orc:4    | Bought the amulet of Amorality {Faith rC++ Dex+8 Stlth-} for 1118 gold pieces
 15558 | Orc:4    | Bought 2 potions of might for 112 gold pieces
 15996 | Lair:1   | Entered Level 1 of the Lair of Beasts
 16066 | Lair:1   | Reached skill level 10 in Long Blades
 16883 | Lair:2   | Reached skill level 14 in Bows
 17153 | Lair:2   | Found a white marble altar of Elyvilon.
 17411 | Lair:2   | Found a blossoming altar of Fedhas.
 17983 | Lair:3   | Reached XP level 14. HP: 112/114 MP: 21/21
 18087 | Lair:3   | Found a staircase to the Swamp.
 18136 | Lair:3   | Reached skill level 10 in Armour
 18172 | Lair:3   | Found a staircase to the Snake Pit.
 18430 | Lair:3   | Reached skill level 10 in Invocations
 18685 | Lair:3   | Reached skill level 1 in Dodging
 18754 | Lair:4   | Found a frozen archway.
 18854 | IceCv    | Entered an ice cave
 19929 | IceCv    | Gained mutation: You are resistant to hostile enchantments. [potion of mutation]
 19929 | IceCv    | Gained mutation: Your flesh is cold resistant. [potion of mutation]
 19973 | IceCv    | Noticed a frost giant
 19986 | IceCv    | Killed a frost giant
 19986 | IceCv    | Reached skill level 15 in Bows
 21980 | Lair:6   | Reached XP level 15. HP: 102/120 MP: 23/23
 21992 | Lair:6   | Gained mutation: You have a pair of small horns on your head. [potion of mutation]
 21992 | Lair:6   | Lost mutation: You have a pair of small horns on your head. [potion of mutation]
 21993 | Lair:6   | Gained mutation: You are frail (-10% HP). [potion of mutation]
 21993 | Lair:6   | Gained mutation: You are partially covered in iridescent scales (AC +4). [potion of mutation]
 21999 | Lair:6   | Gained mutation: Your movements are slightly less encumbered by armour (ER -2). [potion of beneficial mutation]
 22679 | Lair:7   | Reached skill level 5 in Dodging
 23966 | D:11     | You paid a toll of 6 potions of haste to enter a treasure trove
 23967 | Trove    | Entered a treasure trove
 24322 | Orc:4    | Bought a crude plate armour for 616 gold pieces
 24394 | Orc:4    | Bought 21 arrows for 67 gold pieces
 24407 | Orc:4    | Identified the +7 plate armour of Boc Faugh {*Drain rPois Int+4} (You bought it in a shop on level 4 of the Orcish Mines)
 24568 | Snake:1  | Entered Level 1 of the Snake Pit
 24568 | Snake:1  | Noticed a greater naga
 24586 | Snake:1  | Killed a greater naga
 24628 | Snake:1  | Noticed Agnes
 24635 | Snake:1  | Killed Agnes
 24637 | Snake:1  | Noticed Josephine
 24644 | Snake:1  | Killed Josephine
 25940 | Snake:2  | Reached XP level 16. HP: 69/114 MP: 25/25
 26117 | Snake:2  | Noticed Azrael
 26132 | Snake:2  | Killed Azrael
 26566 | Snake:2  | Found Tamiqeutt's Assorted Antiques.
 26577 | Snake:2  | Bought a granite ring for 155 gold pieces
 26577 | Snake:2  | Bought 2 scrolls of identify for 124 gold pieces
 27550 | Snake:3  | Noticed Aizul
 27569 | Snake:3  | Killed Aizul
 28344 | Snake:4  | Entered Level 4 of the Snake Pit
 28368 | Snake:4  | Reached skill level 16 in Bows
 29034 | Snake:4  | Reached XP level 17. HP: 96/119 MP: 26/26
 29244 | Snake:4  | Reached skill level 10 in Dodging
 29574 | Snake:4  | Found a shattered altar of Ashenzari.
 29872 | Snake:4  | Got a serpentine rune of Zot
 30001 | Snake:4  | Found Xoezuyfe's General Store.
 30009 | Snake:4  | Bought a potion of curing for 42 gold pieces
 30009 | Snake:4  | Bought a scroll of identify for 28 gold pieces
 30460 | Swamp:1  | Entered Level 1 of the Swamp
 30520 | Swamp:1  | Noticed Donald
 30554 | Swamp:1  | HP: 2/119 [Donald/war axe of chopping (6)]
 30560 | Swamp:1  | Killed Donald
 31828 | Swamp:1  | Upgraded the game from 0.18-a0-641-g4caf58e to 0.18-a0-670-g393520a
 33192 | Swamp:3  | Reached skill level 17 in Bows
 33209 | Swamp:3  | Reached skill level 5 in Fighting
 33298 | Swamp:3  | Got a wavering diamond amulet
 33306 | Swamp:3  | Identified the amulet "Acyed" {rCorr Fragile rPois Int+8 Dex-5} (You found it on level 3 of the Swamp)
 33506 | Swamp:3  | Reached XP level 18. HP: 124/130 MP: 28/28
 33735 | Swamp:3  | Found an opulent altar of Gozag.
 33931 | Swamp:4  | Entered Level 4 of the Swamp
 34874 | Swamp:4  | Reached skill level 15 in Invocations
 34991 | Swamp:4  | Noticed the 27-headed Lernaean hydra
 35003 | Swamp:4  | Killed the 27-headed Lernaean hydra
 35028 | Swamp:4  | Got a decaying rune of Zot
 35856 | Orc:4    | Bought a +3 ring of evasion for 336 gold pieces
 36741 | D:13     | Found a sacrificial altar of Ru.
 36807 | D:13     | Got a steaming robe
 36808 | D:13     | Identified the +2 robe of Absence {rElec MR+ Stlth+} (You took it off a crimson imp on level 13 of the Dungeon)
 37659 | D:13     | Got a faintly glowing bone amulet
 37847 | D:14     | Reached skill level 18 in Bows
 37885 | D:14     | Found a gate to the Vaults.
 37917 | D:14     | Reached XP level 19. HP: 119/135 MP: 30/30
 37978 | D:14     | Found Igawkoku's Antique Weapon Boutique.
 38006 | D:14     | Bought a brightly glowing falchion for 136 gold pieces
 38006 | D:14     | Identified the +6 falchion of the Empty Page {slice, MR+} (You bought it in a shop on level 14 of the Dungeon)
 38105 | D:14     | Noticed Snorg
 38114 | D:14     | Killed Snorg
 38248 | D:14     | Found a basalt altar of Yredelemnul.
 38406 | D:14     | Noticed Maud
 38422 | D:14     | Killed Maud
 38680 | D:15     | Entered Level 15 of the Dungeon
 38746 | D:15     | Found a bloodstained altar of Trog.
 39176 | D:15     | Identified the amulet "Sadity Tyth" {+Rage Dex+4} (You found it on level 13 of the Dungeon)
 39251 | D:15     | Noticed mora's ghost (adept SpAs)
 39343 | D:15     | Killed mora's ghost
 39363 | D:15     | Found a staircase to the Depths.
 39832 | Depths:1 | Entered Level 1 of the Depths
 40029 | Depths:1 | Reached skill level 19 in Bows
 40140 | Depths:1 | You fall through a shaft!
 40185 | Depths:1 | Reached skill level 15 in Long Blades
 40279 | Depths:1 | Noticed a bone dragon
 40299 | Depths:1 | Killed a bone dragon
 40360 | Depths:1 | Identified the Disquisition on Necromancy
 40405 | Depths:1 | Found a gateway to Hell.
 40908 | Vaults:1 | Entered Level 1 of the Vaults
 41196 | Vaults:1 | Reached XP level 20. HP: 143/143 MP: 31/31
 42188 | Vaults:2 | Reached skill level 20 in Bows
 42206 | Vaults:2 | Noticed Margery
 42223 | Vaults:2 | Killed Margery
 42506 | Vaults:2 | Noticed Norris
 42524 | Vaults:2 | Killed Norris
 43054 | Vaults:2 | Got a scorched iron ring
 44504 | Vaults:2 | Reached XP level 21. HP: 148/148 MP: 32/32
 44726 | Vaults:2 | Found a staircase to the Crypt.
 44726 | Vaults:2 | Found a basalt altar of Yredelemnul.
 44727 | Vaults:2 | Found an ancient bone altar of Kikubaaqudgha.
 45099 | Vaults:3 | Found a white marble altar of Elyvilon.
 45205 | Vaults:3 | Identified the ring "Muev" {rPois MP+9 Str-2 Dex+8} (You took it off a necromancer on level 2 of the Vaults)
 45454 | Vaults:3 | Noticed Saint Roka
 45470 | Vaults:3 | Killed Saint Roka
 47066 | Vaults:4 | Found Dekanon's Assorted Antiques.
 47134 | Vaults:4 | Reached XP level 22. HP: 139/154 MP: 35/35
 47244 | Vaults:4 | Bought 3 scrolls of blinking for 787 gold pieces
 47519 | Vaults:4 | Found a snail-covered altar of Cheibriados.
 48161 | Vaults:5 | Entered Level 5 of the Vaults
 49751 | Vaults:4 | Reached XP level 23. HP: 164/168 MP: 37/37
 49904 | Vaults:5 | Noticed an ancient lich
 50130 | Vaults:5 | Killed an ancient lich
 50130 | Vaults:5 | Reached skill level 21 in Invocations
 50590 | Vaults:5 | HP: 7/174 [titan/bolt of lightning (47)]
 50599 | Vaults:5 | Slain by a titan

Vault maps used:
D:1:      sevenhm_arrival_forest_fort_small_4
D:2:      gammafunk_temple_overflow_forgotten, kennysheep_generic_room_6
D:3:      lemuel_round_altar, first_bread, nemelex_xobeh_ov_fountains_minmay
D:4:      serial_shops, shop
D:5:      hangedman_abyss_or_decor_passed,
          nicolae_gozag_cash_rules_everything_around_me, uniq_duvessa
D:6:      nicolae_dithmenos_through_a_glass_darkly, serial_shops, shop,
          wad_rectangle_vault, uniq_prince_ribbit1
D:7:      minmay_temple_entry_trees
D:8:      zin_statuary, nicolae_overflow_crystal_walls
D:10:     lair_0_dummy, enter_bailey_2, hangedman_ranch
D:11:     zombieorc2_lemuel, nicolae_trove_entry_free_sample
D:13:     minmay_expanding_squares, nicolae_ru_sacrificial_ziggurat
D:14:     erik_vaults_1, lemuel_mausoleum_altar_yredelemnul, serial_shops,
          shop_statue, uniq_maud, uniq_snorg
D:15:     grunt_enter_depths_hoard, kennysheep_pointless_box,
          trog_ov_bears_minmay
Lair:2:   basic_altar, fungi_pond_lemuel, tgw_fedhas
Lair:3:   minmay_swamp_entry_wisps, guppyfry_snake_entry_island,
          lemuel_fruit_fields
Lair:4:   portal_ice_cave_entry_ice_beasts
Lair:5:   serial_bayou_shore_a, lemuel_fruit_fields, infiniplex_staircase_pool
Lair:6:   roderic_lost_polar_bear
Swamp:1:  nicolae_swamp_trees_clearing, swamp_pool2, statue_in_the_mist_lemuel,
          st_swamp_ruins_4, uniq_donald
Swamp:2:  evilmike_swamp_ruin_house_3, swamp_pool5
Swamp:3:  nicolae_swamp_godswood
Swamp:4:  grunt_swamp_rune_castle, swamp_pool3
Snake:1:  nrook_guardian_serpent_snake_passage, fake_guardian_serpent_vault,
          uniq_josephine, uniq_agnes
Snake:2:  serial_shops, nicolae_shop_waterfront, uniq_azrael
Snake:3:  grunt_megastairs_2, lemuel_fruit_tree, uniq_aizul
Snake:4:  snake_pit, serial_shops, shop_fountains, lemuel_oklob_altar
Orc:1:    serial_shops, nicolae_shop_crystal
Orc:3:    nicolae_orc_pool_cavern, lemuel_statue_altar
Orc:4:    st_orc_congregation, serial_shops, nicolae_shop_trees, shop, shop,
          nicolae_shop_behind_doors
Vaults:1: vaults_mumra_minichess, v_misc_15, v_pattern_2, ontoclasm_vaults_eye,
          nicolae_vaults_diagonal_hallway_6, v_misc_31, v_misc_15,
          vaults_dpeg_spiral, v_misc_13, vaults_standard_mumra_x,
          vaults_room_grunt_arrival_ludios, vaults_room_pool
Vaults:2: minmay_crypt_entry_necro_gods, vaults_mumra_hex, v_misc_12,
          ontoclasm_vaults_ligature, ontoclasm_vaults_ring_large,
          ontoclasm_vaults_claustrophobia, hangedman_vaults_stitches,
          hangedman_vaults_stream, v_pattern_3, nicolae_vaults_three_branches,
          nicolae_vaults_c_with_doors, uniq_norris, uniq_margery
Vaults:3: nicolae_vaults_shelves_hall, v_rooms_1, st_octagons_2,
          hangedman_vaults_maws, v_misc_5, grunt_vaults_funnel,
          nicolae_vaults_circle_grid_b, v_misc_1, v_misc_5,
          grunt_vaults_hallway_long, v_misc_15, v_misc_24,
          ontoclasm_vaults_gateway, nicolae_vaults_gold_heap, basic_altar,
          uniq_saint_roka
Vaults:4: st_lattice, grunt_vaults_focal, nicolae_vaults_rhombus_5,
          dpeg_vaults_monster_box, v_rooms_5, nicolae_vaults_shelves_hall,
          hangedman_vaults_pinch, hangedman_vaults_corner,
          hangedman_vaults_slice, nicolae_vaults_alarming, vaults_dpeg_doors,
          basic_altar, serial_shops, shop
Vaults:5: serial_shops
Depths:1: hangedman_coc_ice_floe, fountainhead, dk_noncrumbling_3,
          hangedman_research_thanatology
Depths:2: grunt_profane_halls, hell_entry
Trove:    trove_garden
Bailey:   bailey_axe_bossmonster_kennysheep, bailey
IceCv:    ice_cave_caverns_01

Action                   |  1- 3 |  4- 6 |  7- 9 | 10-12 | 13-15 | 16-18 | 19-21 | 22-24 || total
-------------------------+-------+-------+-------+-------+-------+-------+-------+-------++-------
Melee: Falchion          |    96 |   124 |   433 |       |       |       |   453 |    50 ||  1156
       Long sword        |       |       |       |   934 |  1119 |   728 |    19 |       ||  2800
 Fire: Longbow           |       |    16 |    73 |   408 |   426 |   994 |  1696 |   752 ||  4365
Invok: Elemental Force   |       |       |       |     1 |     4 |       |       |       ||     5
       Upheaval          |       |       |       |     4 |     5 |     4 |    10 |     7 ||    30
       Disaster Area     |       |       |       |       |     5 |     8 |     5 |    10 ||    28
 Abil: Spit Poison       |     9 |     5 |     7 |    11 |     6 |       |       |       ||    38
Evoke: Wand              |       |     2 |     2 |     7 |     1 |     8 |       |     1 ||    21
  Use: Scroll            |     1 |    11 |     4 |     7 |    17 |    19 |     7 |     6 ||    72
       Potion            |       |     3 |     9 |     2 |     9 |    20 |     2 |    17 ||    62
 Stab: Sleeping          |     1 |     1 |       |       |       |       |       |       ||     2
       Distracted        |       |       |       |       |     1 |       |       |       ||     1
       Confused          |       |       |       |       |       |     2 |       |       ||     2
       Invisible         |       |       |       |       |       |       |       |     3 ||     3
  Eat: Chunk             |     2 |     5 |     6 |    15 |    15 |       |     3 |     2 ||    48
       Pizza             |       |       |     1 |     1 |     7 |       |     1 |       ||    10
       Royal jelly       |       |       |     1 |     1 |       |       |       |     1 ||     3
       Bread ration      |       |       |       |     4 |       |     3 |     1 |     1 ||     9
       Beef jerky        |       |       |       |       |     1 |     3 |     3 |       ||     7
       Meat ration       |       |       |       |       |     1 |     2 |       |     1 ||     4
       Fruit             |       |       |       |       |       |     8 |     7 |       ||    15
